 Dungeon Sprint DCSS version 0.26-a0-663-g36e8fdb655 (webtiles) character file.

Game seed: 394506646492843043

14028 mhtbhm the Sorcerer (level 11, -7/57 HPs)
             Began as a Deep Elf Earth Elementalist on Oct 10, 2020.
             Was the Champion of Vehumet.
             Mangled by Donald
             ... wielding a +1 war axe of holy wrath
              (27 damage)
             ... in the Dungeon (Sprint III: "The Ten Rune Challenge").
             The game lasted 00:08:39 (2721 turns).

mhtbhm the Sorcerer (Deep Elf Earth Elementalist)   Turns: 2721, Time: 00:08:40

Health: -7/57      AC:  6    Str:  5    XL:     11   Next: 83%
Magic:  12/41      EV:  8    Int: 24    God:    Vehumet [******]
Gold:   2144       SH:  0    Dex: 15    Spells: 26/58 levels left

rFire    + + .     SeeInvis .   (no weapon)
rCold    + . .     Faith    .   (no shield)
rNeg     . . .     Spirit   .   c - +1 robe {rC+ rF+}
rPois    .         Reflect  .   (no helmet)
rElec    .         Harm     .   (no cloak)
rCorr    .         Rampage  .   (no gloves)
MR       +....     NoTele   +   a - +0 pair of boots
Stlth    +++.......             (no amulet)
HPRegen  0.19/turn              (no ring)
MPRegen  0.27/turn              (no ring)

@: lethally poisoned (-7 -> -7), held, slowed, very slow
A: hooves 1, iridescent scales 1, blink, fire resistance 1
a: Blink, Renounce Religion


You were in the Dungeon.
You worshipped Vehumet.
Vehumet was exalted by your worship.
You visited 1 branch You collected 2144 gold pieces.

Inventory:

Missiles
 b - 8 stones (quivered)
 q - 2 throwing nets
Armour
 a - a +0 pair of boots (worn)
 c - a +1 robe of resistance (worn)
Scrolls
 d - 3 scrolls of torment {unknown}
 j - 4 scrolls of identify
 l - 2 scrolls of remove curse {unknown}
Potions
 e - a potion of heal wounds
 f - a potion of haste
 g - 2 potions of magic
 h - a potion of berserk rage
 k - 2 potions of resistance {unknown}
 m - 2 potions of flight {unknown}
 n - 3 potions of mutation
 o - a potion of might
Miscellaneous
 p - a lightning rod (4/4)


   Skills:
 + Level 2.1 Fighting
 + Level 6.6 Dodging
 + Level 5.1 Stealth
 + Level 0.3 Unarmed Combat
 + Level 24.2 Spellcasting
 + Level 1.0 Conjurations
 + Level 2.8 Hexes
 + Level 3.1 Transmutations
 + Level 1.8 Fire Magic
 + Level 20.1 Earth Magic
 + Level 1.8 Evocations


You had 26 spell levels left.
You knew the following spells:

 Your Spells              Type           Power        Failure   Level
a - Sandblast             Erth           ######       0%          1
b - Passwall              Tmut/Erth      ######..     0%          2
c - Stone Arrow           Conj/Erth      ######       1%          3
d - Lee's Rapid Deconstr  Erth           #######...   0%          5
e - Petrify               Tmut/Erth      ######..     1%          4
f - Inner Flame           Hex/Fire       #####...     1%          3
g - Mephitic Cloud        Conj/Pois/Air  ####....     1%          3
h - Iron Shot             Conj/Erth      ######....   1%          6
i - Fireball              Conj/Fire      #####.....   5%          5

Your spell library contained the following spells:

 Spells                   Type           Power        Failure   Level
 Animate Skeleton         Necr           ####..       1%          1
 Apportation              Tloc           ####..       1%          1
 Corona                   Hex            #####..      1%          1
 Summon Small Mammal      Summ           ####         1%          1
 Confusing Touch          Hex            #####...     1%          3
 Yara's Violent Unravell  Hex/Tmut       #####.....   2%          5
 Gell's Gravitas          Tloc           ####......   3%          3
 Metabolic Englaciation   Hex/Ice        #####.....   19%         5


Dungeon Overview and Level Annotations

Branches:
Dungeon (1/1)

Altars:
Cheibriados
Dithmenos
Elyvilon
Fedhas
Gozag
Hepliaklqana
Kikubaaqudgha
Makhleb
Nemelex Xobeh
Okawaru
Qazlal
Ru
Sif Muna
Trog
Uskayaw
Vehumet
Wu Jian
Xom
Yredelemnul
Zin
The Shining One
Beogh
Jiyva
Lugonu

Shops:
D [

Annotations:
D Donald


Innate Abilities, Weirdness & Mutations

You have large cloven feet.
You are partially covered in iridescent scales. (AC +2)
You can translocate small distances at will.
Your flesh is heat resistant. (rF+)


Message History

Confirm with . or Enter, or press ? or * to list all spells.
Aiming: Lee's Rapid Deconstruction (safe; 0% risk of failure)
Press: ? - help, Dir - move target cursor A rock wall.
The wall shatters!
The blast of rock fragments hits Donald!!
Donald is heavily wounded.
Donald closely misses you.
Unknown command.
Casting: Lee's Rapid Deconstruction (safe; 0% risk of failure)
Confirm with . or Enter, or press ? or * to list all spells.
Aiming: Lee's Rapid Deconstruction (safe; 0% risk of failure)
Press: ? - help, Dir - move target cursor A rock wall.
The wall shatters!
The blast of rock fragments hits Donald!!
Donald is almost dead.
You feel sick.
Donald hits you with a +1 war axe of holy wrath!!
You die...

#)###..## #######
#'#####################
#....#.#.#...).#^^.^..+
##.#.)#.##.###)#......#
'##)#.#.##.#..##......#
#.).#..#..##..'.......#
▓▓▓▓▓▓▓▓▓▓▓▓▓▓#.......#
........≈≈≈...#.)....^#
≈≈≈≈≈≈≈≈≈≈♣♣..).@.....#
♣♣♣♣♣♣♣♣♣♣♣♣..#..@.^^.#
♣♣♣##'###### ... #...#
#...# #####


You could see Donald (strong).

Vanquished Creatures
  Frances (D)
  2 deep elf annihilators (D)
  A deep elf death mage (D)
  A deep elf high priest (D)
  Erolcha (D)
  An orc high priest (D)
  A deep elf knight (D)
  6 deep elf magi (D)
  5 orc knights (D)
  3 wandering mushrooms (D)
  2 redbacks (D)
  A shadow (D)
  A spatial vortex (D)
  An orc warrior (D)
  A necrophage (D)
  5 two-headed ogres (D)
  A water elemental (D)
  A scorpion (D)
  A jelly (D)
  3 orc priests (D)
  Jessica (D)
  3 orc wizards (D)
  A wizard (D)
  A necromancer (D)
  3 humans (D)
  A kobold demonologist (D)
  An ooze (D)
  5 orcs (D)
  2 rats (D)
57 creatures vanquished.

Vanquished Creatures (others)
  3 plants (D)
3 creatures vanquished.

Grand Total: 60 creatures vanquished

Notes
Turn   | Place    | Note
-------+----------+-------------------------------------------
     0 | D        | mhtbhm the Deep Elf Earth Elementalist began the quest for
                  | the Orb.
     0 | D        | Reached XP level 1. HP: 10/10 MP: 6/6
   140 | D        | Noticed Jessica
   143 | D        | Killed Jessica
   143 | D        | Reached skill level 4 in Spellcasting
   143 | D        | Reached XP level 2. HP: 15/15 MP: 6/9
   143 | D        | Reached XP level 3. HP: 19/19 MP: 7/11
   165 | D        | Learned a level 2 spell: Passwall
   169 | D        | Learned a level 3 spell: Stone Arrow
   179 | D        | Noticed a scorpion
   186 | D        | Killed a scorpion
   186 | D        | Reached skill level 5 in Spellcasting
   186 | D        | Reached XP level 4. HP: 17/24 MP: 7/13
   194 | D        | Reached skill level 6 in Spellcasting
   431 | D        | Gained mutation: Your magical capacity is low. (-10% MP)
                  | [potion of mutation]
   431 | D        | Gained mutation: You have large cloven feet. [potion of
                  | mutation]
   432 | D        | Lost mutation: Your magical capacity is low. (-10% MP)
                  | [potion of mutation]
   432 | D        | Gained mutation: You can translocate small distances at
                  | will. [potion of mutation]
   432 | D        | Gained mutation: Your flesh is heat resistant. (rF+)
                  | [potion of mutation]
   432 | D        | Gained mutation: You are partially covered in iridescent
                  | scales. (AC +2) [potion of mutation]
   438 | D        | Noticed a water elemental
   443 | D        | Killed a water elemental
   443 | D        | Reached skill level 7 in Spellcasting
   443 | D        | Reached XP level 5. HP: 28/28 MP: 11/17
   485 | D        | Learned a level 5 spell: Lee's Rapid Deconstruction
   490 | D        | Learned a level 4 spell: Petrify
   496 | D        | Found a radiant altar of Vehumet.
   532 | D        | Reached skill level 8 in Spellcasting
   532 | D        | Reached skill level 5 in Dodging
   534 | D        | Found a shimmering blue altar of Sif Muna.
   535 | D        | Found an ancient bone altar of Kikubaaqudgha.
   545 | D        | Became a worshipper of Vehumet
   613 | D        | Found a basalt altar of Yredelemnul.
   613 | D        | Found a shadowy altar of Dithmenos.
   613 | D        | Found a sacrificial altar of Ru.
   613 | D        | Noticed a necrophage
   615 | D        | Reached skill level 9 in Spellcasting
   615 | D        | Killed a necrophage
   615 | D        | Reached skill level 10 in Spellcasting
   615 | D        | Reached skill level 10 in Earth Magic
   615 | D        | Reached XP level 6. HP: 33/33 MP: 8/21
   692 | D        | Found a glowing silver altar of Zin.
   692 | D        | Found a glowing golden altar of the Shining One.
   692 | D        | Found a white marble altar of Elyvilon.
   692 | D        | Noticed a deep elf mage
   695 | D        | Killed a deep elf mage
   695 | D        | Reached * piety under Vehumet
   695 | D        | Offered knowledge of Magic Dart by Vehumet.
   695 | D        | Reached skill level 1 in Fighting
   695 | D        | Reached skill level 13 in Spellcasting
   695 | D        | Reached XP level 7. HP: 38/38 MP: 7/25
   791 | D        | Found a hide-covered altar of Uskayaw.
   791 | D        | Found a roughly hewn altar of Beogh.
   791 | D        | Found an iron altar of Okawaru.
   791 | D        | Found a bloodstained altar of Trog.
   791 | D        | Found an ornate altar of the Wu Jian Council.
   791 | D        | Noticed a human
   791 | D        | Noticed a human
   793 | D        | Killed a human
   794 | D        | Killed a human
   794 | D        | Reached skill level 14 in Spellcasting
   794 | D        | Reached XP level 8. HP: 44/44 MP: 12/28
   874 | D        | Reached ** piety under Vehumet
   874 | D        | Offered knowledge of Freeze by Vehumet.
   944 | D        | Found a blossoming altar of Fedhas.
   944 | D        | Found a stormy altar of Qazlal.
   944 | D        | Found a snail-covered altar of Cheibriados.
   944 | D        | Found a burning altar of Makhleb.
   944 | D        | Found a shimmering altar of Xom.
   945 | D        | Found a hazy altar of Hepliaklqana.
   945 | D        | Found an opulent altar of Gozag.
   945 | D        | Found a sparkling altar of Nemelex Xobeh.
   945 | D        | Found a corrupted altar of Lugonu.
   945 | D        | Found a viscous altar of Jiyva.
  1031 | D        | Offered knowledge of Inner Flame by Vehumet.
  1031 | D        | Reached skill level 15 in Spellcasting
  1031 | D        | Reached *** piety under Vehumet
  1038 | D        | Noticed a two-headed ogre
  1042 | D        | Killed a two-headed ogre
  1042 | D        | Reached skill level 16 in Spellcasting
  1176 | D        | Learned a level 3 spell: Inner Flame
  1182 | D        | Noticed Erolcha
  1182 | D        | Noticed a two-headed ogre
  1188 | D        | Killed Erolcha
  1188 | D        | Offered knowledge of Airstrike by Vehumet.
  1188 | D        | Reached skill level 17 in Spellcasting
  1188 | D        | Reached skill level 15 in Earth Magic
  1188 | D        | Reached XP level 9. HP: 48/48 MP: 2/32
  1189 | D        | Killed a two-headed ogre
  1189 | D        | Reached **** piety under Vehumet
  1189 | D        | Reached skill level 18 in Spellcasting
  1332 | D        | Offered knowledge of Mephitic Cloud by Vehumet.
  1369 | D        | Noticed a wandering mushroom
  1374 | D        | Noticed a wandering mushroom
  1377 | D        | Killed a wandering mushroom
  1379 | D        | Noticed a wandering mushroom
  1386 | D        | Learned a level 3 spell: Mephitic Cloud
  1389 | D        | Killed a wandering mushroom
  1394 | D        | Killed a wandering mushroom
  1394 | D        | Reached ***** piety under Vehumet
  1394 | D        | Reached skill level 19 in Spellcasting
  1489 | D        | Noticed an orc knight
  1491 | D        | Offered knowledge of Fulminant Prism by Vehumet.
  1491 | D        | Noticed an orc high priest
  1493 | D        | Killed an orc high priest
  1493 | D        | Reached skill level 1 in Hexes
  1493 | D        | Reached XP level 10. HP: 53/53 MP: 17/35
  1493 | D        | Noticed an orc knight
  1494 | D        | Noticed an orc knight
  1497 | D        | Killed an orc knight
  1497 | D        | Reached skill level 20 in Spellcasting
  1497 | D        | Reached skill level 1 in Fire Magic
  1501 | D        | Killed an orc knight
  1501 | D        | Killed an orc knight
  1508 | D        | Noticed an orc knight
  1512 | D        | Killed an orc knight
  1512 | D        | Reached skill level 1 in Conjurations
  1512 | D        | Reached skill level 1 in Evocations
  1513 | D        | Reached skill level 21 in Spellcasting
  1557 | D        | Noticed an orc knight
  1735 | D        | Killed an orc knight
  1862 | D        | Found Wiuwasho's Armour Boutique.
  1865 | D        | Offered knowledge of Iron Shot by Vehumet.
  1906 | D        | Noticed a deep elf mage
  1906 | D        | Noticed a deep elf mage
  1906 | D        | Noticed a deep elf mage
  1906 | D        | Noticed a deep elf knight
  1906 | D        | Noticed a deep elf mage
  1916 | D        | Killed a deep elf mage
  1916 | D        | Reached ****** piety under Vehumet
  1916 | D        | Killed a deep elf mage
  1917 | D        | Killed a deep elf knight
  1917 | D        | Reached XP level 11. HP: 57/57 MP: 19/38
  1917 | D        | Killed a deep elf mage
  1917 | D        | Reached skill level 22 in Spellcasting
  1918 | D        | Killed a deep elf mage
  1918 | D        | Reached skill level 5 in Stealth
  2004 | D        | Learned a level 6 spell: Iron Shot
  2005 | D        | Noticed a deep elf annihilator
  2009 | D        | Noticed a deep elf annihilator
  2011 | D        | Killed a deep elf annihilator
  2011 | D        | Noticed a deep elf death mage
  2014 | D        | Killed a deep elf death mage
  2019 | D        | Noticed a deep elf mage
  2022 | D        | Killed a deep elf mage
  2022 | D        | Reached skill level 23 in Spellcasting
  2023 | D        | Identified the +6 glaive "Noheojad" {vamp, rPois}
  2023 | D        | Noticed a deep elf demonologist
  2217 | D        | Noticed a deep elf high priest
  2223 | D        | Killed a deep elf high priest
  2314 | D        | Killed a deep elf annihilator
  2314 | D        | Offered knowledge of Fireball by Vehumet.
  2316 | D        | Noticed a deep elf master archer
  2324 | D        | Learned a level 5 spell: Fireball
  2332 | D        | HP: 2/57 [deep elf master archer/arrow (28)]
  2712 | D        | Noticed Donald
  2712 | D        | Noticed Frances
  2718 | D        | Killed Frances
  2718 | D        | Reached skill level 24 in Spellcasting
  2721 | D        | Mangled by Donald

Illustrated notes

Levels and vault maps discovered:
D:        dungeon_sprint_mu [sprint_mu_entry_cave, sprint_mu_temple_rooms,
          sprint_mu_d1_spiders, sprint_mu_d2_genie, sprint_mu_d3_branching,
          sprint_mu_orc_legion, sprint_mu_elf_gauntlet, sprint_mu_hive_nellie,
          sprint_mu_lair_fedhas, sprint_mu_vaults_butterflies,
          sprint_mu_slime_circle, sprint_mu_shoals_kraken,
          sprint_mu_snake_twists, sprint_mu_blade_basic,
          sprint_mu_crypt_chambers, sprint_mu_tomb_spiral,
          sprint_mu_vestibule_basic, sprint_mu_gehenna_hellfire,
          sprint_mu_dis_giant, sprint_mu_tartarus_statrot,
          sprint_mu_cocytus_islands, sprint_mu_zot1]

Skill      XL: |  1  2  3  4  5  6  7  8  9 10 11 |
---------------+----------------------------------+-----
Earth Magic    | 6 7 9 10 12 13 15 16 18 20 | 20.1
Dodging        | 3 4 5 6 |  6.6
Stealth        | 3 4 5 |  5.1
Spellcasting   | 4 5 7 10 13 14 17 19 21 24 | 24.2
Fighting       | 1 2 |  2.1
Hexes          | 1 2 |  2.8
Fire Magic     | 1 |  1.8
Conjurations   | 1 |  1.0
Evocations     | 1 |  1.8
Transmutations | 2 3 |  3.1
Unarmed Combat | |  0.3

Action                   |  1- 3 |  4- 6 |  7- 9 | 10-12 || total
-------------------------+-------+-------+-------+-------++-------
Melee: Unarmed           |       |       |       |     2 ||     2
 Cast: Sandblast         |     7 |    12 |     3 |       ||    22
       Lee's Rapid Decon |       |     6 |    26 |    43 ||    75
       Stone Arrow       |       |       |     9 |     1 ||    10
       Inner Flame       |       |       |     2 |     1 ||     3
       Petrify           |       |       |       |     5 ||     5
       Fireball          |       |       |       |     1 ||     1
       Mephitic Cloud    |       |       |       |     1 ||     1
Evoke: Lightning rod     |       |       |       |     8 ||     8
  Use: Potion            |       |     3 |       |     2 ||     5
       Scroll            |       |       |       |     1 ||     1
Armor: Robe              |       |     1 |     1 |       ||     2
Dodge: Dodged            |     1 |     4 |     3 |    14 ||    22

Table legend: (Time is in decaauts)
 A = Elapsed time spent in this place.
 B = Non-inter-level travel time spent in this place.
 C = Inter-level travel time spent in this place.
 D = Time resting spent in this place.
 E = Time spent auto-exploring this place.
 F = Levels seen in this place.
 G = Mean time per level.
                   A        B        C        D        E       F      G
               +--------+--------+--------+--------+--------+-----+--------+
         Total |   2728 |   2728 |      0 |   2016 |     12 |   1 | 2728.0 |
       Dungeon |   2728 |   2728 |      0 |   2016 |     12 |   1 | 2728.0 |
               +--------+--------+--------+--------+--------+-----+--------+

Top non-repeatable levels by time:
       D: 2728 daAuts
